 Dungeon Crawl Stone Soup version 0.23.2-33-g5129a83184 (webtiles) character file.

Game seed: 9638592376770440905

3746 teukkam the Blocker (level 9, -4/81 HPs)
             Began as a Minotaur Fighter on July 20, 2019.
             Was an Initiate of Gozag.
             Slain by a komodo dragon (24 damage)
             ... on level 8 of the Dungeon on July 21, 2019.
             The game lasted 00:30:28 (6593 turns).

teukkam the Blocker (Minotaur Fighter)              Turns: 6593, Time: 00:30:28

Health: -4/81      AC: 19    Str: 27    XL:     9   Next: 93%
Magic:  8/8        EV:  9    Int:  9    God:    Gozag
Gold:   852        SH: 11    Dex:  9    Spells: 8/8 levels left

rFire    + . .     SeeInvis .   a - +1 long sword (protect)
rCold    . . .     Gourm    .   c - +0 shield
rNeg     . . .     Faith    .   S - +2 scale mail {rF+}
rPois    .         Spirit   .   L - +0 hat
rElec    .         Reflect  .   x - scarf {repulsion}
rCorr    .         Harm     .   N - +0 pair of gloves of the Untouchables {Str-4 Int+4 Slay+2}
MR       .....                  e - +0 pair of boots (curse)
Stlth    ..........             z - amulet of the acrobat
HPRegen  0.23/turn              v - +6 ring of strength
MPRegen  0.11/turn              (no ring)

@: gold aura, protection aura, repel missiles
A: retaliatory headbutt, horns 2
a: Potion Petition, Call Merchant, Bribe Branch, Renounce Religion


You were on level 8 of the Dungeon.
You worshipped Gozag.
Gozag was pleased with you.
You were not hungry.

You visited 2 branches of the dungeon, and saw 9 of its levels.

You collected 951 gold pieces.
You paid 99 gold pieces to Gozag.

Inventory:

Hand Weapons
 a - a +1 long sword of protection (weapon)
 b - a +0 hunting sling
 k - a +1 flail of crushing
 l - a +2 quarterstaff of chaos
 K - a +0 war axe
 O - a +2 dagger of holy wrath
 R - a +1 vampiric glaive
Missiles
 h - 65 sling bullets
 s - 290 stones (quivered)
 D - 2 javelins
 F - 4 tomahawks
 M - 3 needles of frenzy
 P - 17 poisoned needles
 Q - 3 throwing nets
 T - 2 needles of confusion
Armour
 c - a +0 shield (worn)
 e - a cursed +0 pair of boots (worn)
 x - a scarf of repulsion (worn)
 L - a +0 hat (worn)
 N - the +0 pair of gloves of the Untouchables (worn) {Str-4 Int+4 Slay+2}
   (You found it on level 7 of the Dungeon)

   It affects your strength (-4).
   It affects your intelligence (+4).
   It affects your accuracy and damage with ranged weapons and melee attacks
   (+2).
 S - a +2 scale mail of fire resistance (worn)
Jewellery
 v - a +6 ring of strength (left hand)
 z - an amulet of the acrobat (around neck)
 C - an uncursed ring of fire
Wands
 g - a wand of paralysis (6)
 u - a wand of iceblast (12)
 w - a wand of flame (4)
Scrolls
 j - 9 scrolls of identify {unknown}
 o - 3 scrolls of remove curse {unknown}
 p - 4 scrolls of enchant armour {unknown}
 t - 2 scrolls of noise {unknown}
 y - 2 scrolls of enchant weapon {unknown}
 B - a scroll of holy word {unknown}
 E - a scroll of fog {unknown}
 G - 2 scrolls of fear {unknown}
 I - a scroll of random uselessness {unknown}
Potions
 d - a potion of might
 i - 2 potions of resistance
 m - a potion of heal wounds {unknown}
 n - 4 potions of curing
 q - a potion of degeneration {unknown}
 r - 2 potions of mutation {unknown}
 A - a potion of flight {unknown}
 H - 2 potions of lignification {unknown}
 J - 3 potions of agility
Comestibles
 f - 4 rations


   Skills:
 + Level 8.2 Fighting
 + Level 5.5 Long Blades
 + Level 8.0 Axes
 + Level 5.4 Slings
 + Level 8.1 Armour
 - Level 0.6 Dodging
 + Level 8.2 Shields


You had 8 spell levels left.
You didn't know any spells.
Your spell library contained the following spells:

 Spells                   Type           Power        Failure   Level  Hunger
 Animate Skeleton         Necr           N/A          89%         1    ##.....
 Apportation              Tloc           #.....       89%         1    ##.....
 Confusing Touch          Hex            #.....       89%         1    ##.....
 Summon Small Mammal      Summ           #...         89%         1    ##.....
 Confuse                  Hex            #.......     99%         3    ####...
 Gell's Gravitas          Tloc           #.........   99%         3    ####...
 Petrify                  Tmut/Erth      #.......     100%        4    #####..
 Metabolic Englaciation   Hex/Ice        #.........   100%        5    ######.
 Yara's Violent Unravell  Hex/Tmut       #.........   100%        5    ######.


Dungeon Overview and Level Annotations

Branches:
Dungeon (8/15)             Temple (1/1) D:5
   Lair: D:8-11

Altars:
Ashenzari
Cheibriados
Dithmenos
Elyvilon
Fedhas
Gozag
Hepliaklqana
Kikubaaqudgha
Makhleb
Nemelex Xobeh
Okawaru
Qazlal
Ru
Sif Muna
Uskayaw
Vehumet
Wu Jian
Xom
Yredelemnul
Zin
The Shining One

Shops:
D:6 *


Innate Abilities, Weirdness & Mutations

You reflexively headbutt those who attack you in melee.
You have a pair of horns on your head.


Message History

* * * LOW HITPOINT WARNING * * *
The wyvern closely misses you.
You riposte.
You hit the wyvern.
Your weapon exudes an aura of protection.
You headbutt the wyvern, but do no damage.
The wyvern is severely wounded.
You see here 16 gold pieces.
You barely miss the wyvern.
You headbutt the wyvern, but do no damage.
The wyvern is severely wounded.
You block the wyvern's attack.
You feel better. You block the wyvern's attack. The wyvern closely misses you.
You riposte.
You slash the wyvern!
You kill the wyvern!
You see here 11 gold pieces.
You slash the komodo dragon!
You headbutt the komodo dragon, but do no damage.
The komodo dragon is moderately wounded.
The komodo dragon bites you!!
You die...
Your body crumbles into a pile of gold.

### ##
..###
.##.#.##
......##.#
..l......
###
#$.......
#.####$# $
###$@l$##
#.#.####
##.## ###


You could see a komodo dragon.

Vanquished Creatures
  Harold (D:7)
  A hornet (D:8)
  A hippogriff (D:7)
  A wyvern (D:8)
  A basilisk (D:8)
  A soldier ant (D:8)
  A swamp drake (D:8)
  A sky beast (D:6)
  An orc warrior (D:8)
  A phantom (D:4)
  A centaur (D:6)
  2 crocodiles (D:8)
  2 bullfrogs (D:6)
  A water moccasin zombie (D:7)
  3 scorpions
  5 killer bees (D:8)
  2 howler monkeys
  A vampire bat (D:4)
  A jelly (D:6)
  2 bullfrog skeletons (D:6)
  3 hounds
  3 orc priests
  Crazy Yiuf (D:2)
  A bullfrog zombie (D:7)
  11 orc wizards
  2 iguanas
  Natasha (thrice) (D:3)
  6 worker ants
  Robin (D:3)
  A howler monkey zombie (D:5)
  5 adders
  A shadow imp (D:6)
  An ooze (D:4)
  2 adder skeletons
  2 dart slugs
  5 leopard geckos
  22 orcs
  2 ball pythons
  8 bats
  2 bat skeletons (D:4)
  3 bat zombies (D:4)
  8 giant cockroaches
  16 goblins
  15 hobgoblins
  7 jackals
  6 kobolds
  3 quokkas
  3 frilled lizards
  A quokka skeleton (D:4)
  A quokka zombie (D:5)
  8 rats
183 creatures vanquished.

Vanquished Creatures (others)
  A bullfrog (D:8)
  2 orc priests (D:8)
  An orc (D:8)
4 creatures vanquished.

Grand Total: 187 creatures vanquished

Notes
Turn   | Place    | Note
-------+----------+-------------------------------------------
     0 | D:1      | teukkam the Minotaur Fighter began the quest for the Orb.
     0 | D:1      | Reached XP level 1. HP: 19/19 MP: 0/0
    12 | D:1      | Reached XP level 2. HP: 24/27 MP: 1/1
   192 | D:3      | Noticed Robin
   234 | D:4      | Reached XP level 3. HP: 26/33 MP: 2/2
   826 | D:3      | Reached XP level 4. HP: 28/40 MP: 3/3
   853 | D:3      | Noticed Natasha
   857 | D:3      | Killed Robin
   860 | D:3      | Killed Natasha
   864 | D:3      | Reached XP level 5. HP: 33/47 MP: 4/4
  1758 | D:2      | Found a runed translucent door.
  1759 | D:2      | Noticed Crazy Yiuf
  1775 | D:2      | Killed Crazy Yiuf
  2031 | D:3      | Noticed Natasha
  2040 | D:3      | Killed Natasha
  2040 | D:3      | Reached skill level 5 in Shields
  2048 | D:3      | Noticed Natasha
  2057 | D:3      | Killed Natasha
  2097 | D:3      | Found a shimmering altar of Xom.
  2241 | D:3      | Reached XP level 6. HP: 55/55 MP: 5/5
  2456 | D:5      | Entered Level 5 of the Dungeon
  2456 | D:5      | Found a glowing drain.
  2485 | D:5      | Reached skill level 5 in Armour
  2530 | D:5      | Reached skill level 5 in Fighting
  2566 | D:5      | Reached skill level 5 in Axes
  2657 | D:5      | Found a staircase to the Ecumenical Temple.
  2664 | Temple   | Entered the Ecumenical Temple
  2722 | Temple   | Became a worshipper of Gozag Ym Sagoz the Greedy
  3619 | D:4      | Found an ancient bone altar of Kikubaaqudgha.
  3698 | D:4      | Reached skill level 1 in Slings
  3698 | D:4      | Reached XP level 7. HP: 53/61 MP: 6/6
  4365 | D:6      | Reached skill level 1 in Long Blades
  4460 | D:6      | Reached XP level 8. HP: 70/70 MP: 7/7
  4918 | D:6      | Found Ohuef's Assorted Antiques.
  5046 | D:6      | Found a snail-covered altar of Cheibriados.
  5152 | D:7      | Got a pair of twisted gloves
  5158 | D:7      | Identified the +0 pair of gloves of the Untouchables {Str-4
                  | Int+4 Slay+2} (You found it on level 7 of the Dungeon)
  5385 | D:7      | Noticed a hippogriff
  5393 | D:7      | Killed a hippogriff
  5597 | D:7      | Found a burning altar of Makhleb.
  5704 | D:7      | Found a white marble altar of Elyvilon.
  5706 | D:7      | Found a shattered altar of Ashenzari.
  5706 | D:7      | Found a deep blue altar of Sif Muna.
  5706 | D:7      | Found a shimmering altar of Xom.
  5708 | D:7      | Noticed Harold
  5737 | D:7      | Killed Harold
  5737 | D:7      | Reached XP level 9. HP: 47/79 MP: 8/8
  5744 | D:7      | Found a sacrificial altar of Ru.
  5744 | D:7      | Found a glowing golden altar of the Shining One.
  6189 | D:8      | Reached skill level 5 in Long Blades
  6189 | D:8      | Reached skill level 5 in Slings
  6577 | D:8      | Noticed a komodo dragon
  6593 | D:8      | Slain by a komodo dragon

Skill      XL: |  1  2  3  4  5  6  7  8  9 |
---------------+----------------------------+-----
Shields        | 4 5 6 7 8 |  8.2
Fighting       | 4 5 6 7 8 |  8.2
Armour         | 4 5 6 7 8 |  8.1
Axes           | 3 4 5 6 7 8 |  8.0
Slings         | 1 2 4 5 |  5.4
Long Blades    | 1 4 5 |  5.5
Dodging        | |  0.6

Action                   |  1- 3 |  4- 6 |  7- 9 || total
-------------------------+-------+-------+-------++-------
Melee: War axe           |    45 |   179 |   101 ||   325
       Headbutt          |    11 |    28 |    58 ||    97
       Long sword        |       |       |   124 ||   124
 Fire: Hunting sling     |       |     1 |    10 ||    11
Evoke: Wand              |       |       |     7 ||     7
  Use: Potion            |       |       |     3 ||     3
 Stab: Distracted        |       |       |     2 ||     2
  Eat: Chunk             |       |     6 |       ||     6
       Ration            |       |     1 |     3 ||     4
Armor: Scale mail        |    28 |    69 |    94 ||   191
Dodge: Dodged            |    14 |    65 |    77 ||   156
       Deflected         |       |       |     2 ||     2
Block: Shield            |    34 |   113 |   119 ||   266
       Rpst.: Long sword |       |       |    20 ||    20
